[Event "*** Titled Tuesday Blitz"]
[Site "Chess.com"]
[Date "2020.01.07"]
[Round "1"]
[White "Moon_stone123"]
[Black "1e41-0"]
[Result "0-1"]
[WhiteElo "2082"]
[BlackElo "2540"]
[TimeControl "180+2"]
[EndTime "13:07:54 PST"]
[Termination "1e41-0 won by checkmate"]

1. e4 c5 2. Nf3 e6 3. d4 cxd4 4.
Nxd4 a6 5. c4 Nf6 6. Nc3 Qc7 7.
Be3 Bb4 8. Bd3 O-O 9. Rc1 d5 10. cxd5 exd5 11. O-O Ng4 12. g3 Nxe3 13. fxe3 Bxc3 14.
Rxc3 Qe7 15. Qf3 Bh3 16. Rfc1 Nc6 17. exd5 Nxd4 18. exd4 f5 19. Rc7 Qb4 20. Qf2 Rad8 21. a3 Qb6 22. Re7 Rfe8 23. Rce1 Rxe7 24. Rxe7 Qd6 25.
Rxb7 Qxd5 26. Re7 Rc8 27. Qe2 Qxd4+ 28. Qe3 Rc1+ 29. Kf2 Qxb2+ 30. Kf3 Bg4+ 31. Kf4 Qb8+ 32. Kg5 h6+ 33. Kg6 Rc6+ 34. Re6 Qe8# 0-1

[Event "*** Titled Tuesday Blitz"]
[Site "Chess.com"]
[Date "2020.01.07"]
[Round "1"]
[White "Borsuk_Konstantin"]
[Black "MITerryble"]
[Result "0-1"]
[WhiteElo "2482"]
[BlackElo "2928"]
[TimeControl "180+2"]
[EndTime "13:07:57 PST"]
[Termination "MITerryble won on time"]

1. d4 e6 2. c4 Bb4+ 3. Nc3 c5 4. dxc5 Bxc3+ 5. bxc3 Qa5 6. Nf3 Nf6 7. Qc2 Na6 8.
Nd4 Nxc5 9. f3 b6 10. e4 O-O 11. Rb1 Ba6 12. Nb3 Qa4 13. Nd4 Rfc8 14. Bd2 Ne8 15. Rb4 Qxc2 16. Nxc2 Nb7 17. Ra4 Na5 18. Ne3 Nd6 19. c5 Bxf1 20. cxd6 Bb5 21. Rb4 Ba6 22. e5 Rc5 23. f4 f6 24. exf6 gxf6 25. g4 Kf7 26. h4 Rc6 27. Rd4 Nb7 28. g5 Rxd6 29.
Ng4 Rxd4 30. cxd4 fxg5 31. hxg5 Rh8 32. Nf6 Bb5 33. Rxh7+ Rxh7 34. Nxh7 Nd6 35. Nf6 Kg6 36. Bb4 Nc4 37. Kf2 Bc6 38. Kg3 Ne3 39. Bc3 a5 40.
Ng4 Nd5 41. Bb2 Kf5 42. Nh6+ Ke4 43. g6 Nxf4 44. g7 Nh5+ 45. Kf2 Nxg7 46. d5 Bxd5 47. Bxg7 Bxa2 48. Ke2 e5 49. Ng4 d6 50. Nf6+ Kf5 51. Nd7 b5 52. Ke3 a4 53. Nb6 Bf7 54. Bf8 a3 0-1

[Event "*** Titled Tuesday Blitz"]
[Site "Chess.com"]
[Date "2020.01.07"]
[Round "1"]
[White "Rhinos1"]
[Black "vova-79"]
[Result "1/2-1/2"]
[WhiteElo "2135"]
[BlackElo "2545"]
[TimeControl "180+2"]
[EndTime "13:07:57 PST"]
[Termination "Game drawn by stalemate"]

1. e4 e6 2. d3 d5 3. Nd2 Nf6 4. g3 c5 5. Bg2 g6 6. Ngf3 Bg7 7. O-O O-O 8. c3 Nc6 9. Re1 a5 10. Nf1 b5 11. h3 b4 12. e5 Nd7 13. d4 Ba6 14. g4 bxc3 15. bxc3 cxd4 16. cxd4 Nb4 17.
Bg5 Qc7 18. Be7 Rfc8 19. Bxb4 axb4 20. N1d2 Qc2 21. Nb3 Bb5 22. Ng5 Bh6 23. h4 Rxa2 24. Rxa2 Qxa2 25. Qf3 Bxg5 26. hxg5 Rc3 27. Re3 Qxb3 28.
Bf1 Qb1 29. Rxc3 Qxf1+ 30. Kh2 bxc3 31. Qxc3 Qxf2+ 32. Kh1 Be2 33. Qc8+ Nf8 34. Qxf8+ Kxf8 1/2-1/2

[Event "*** Titled Tuesday Blitz"]
[Site "Chess.com"]
[Date "2020.01.07"]
[Round "1"]
[White "viktorskliarov"]
[Black "icychess54"]
[Result "1-0"]
[WhiteElo "2571"]
[BlackElo "2191"]
[TimeControl "180+2"]
[EndTime "13:08:01 PST"]
[Termination "viktorskliarov won by resignation"]

1. e4 c5 2. Nf3 d6 3. d4 cxd4 4. Qxd4 Nc6 5. Bb5 Bd7 6. Bxc6 bxc6 7. c4 e5 8. Qd3 Qc7 9. Nc3 Nf6 10. O-O Be7 11. b3 O-O 12. Ba3 Be6 13. Rfd1 Rad8 14.
Rac1 Qa5 15. Na4 Nh5 16. Qc3 Qxc3 17. Rxc3 Nf4 18. Kf1 Bg4 19. h3 Bh5 20. Re1 f5 21. Nxe5 Bf6 22. Nxc6 Bxc3 23. Nxc3 Rd7 24. exf5 Nd3 25.
Re3 Nc5 26. g4 Bf7 27. Nd5 Bxd5 28. cxd5 Kf7 29. b4 Nb7 30. Bb2 Nd8 31. b5 Nb7 32. a4 Nc5 33. a5 Rb7 34. Bd4 Rxb5 35. Re7+ Kg8 36. Rxg7+ 1-0

[Event "*** Titled Tuesday Blitz"]
[Site "Chess.com"]
[Date "2020.01.07"]
[Round "1"]
[White "AdrianPetrisor1992"]
[Black "MathiasWomacka"]
[Result "1/2-1/2"]
[WhiteElo "2656"]
[BlackElo "2338"]
[TimeControl "180+2"]
[EndTime "13:08:02 PST"]
[Termination "Game drawn by agreement"]

1. Nf3 c5 2. g3 Nc6 3. Bg2 e5 4. O-O g6 5. c4 Bg7 6. Nc3 Nge7 7. Ne1 O-O 8. Nc2 a6 9. a4 d6 10. Ne3 Rb8 11. d3 Nd4 12. a5 Nec6 13. Ned5 Nxa5 14. Be3 Nac6 15. f4 b5 16. cxb5 axb5 17.
fxe5 Nxe5 18. Ne4 Bg4 19. Ndf6+ Kh8 20. Nxg4 Nxg4 21. Bg5 Qd7 22. e3 Nc6 23. h3 h6 24.
Qxg4 Qxg4 25. hxg4 hxg5 26. Nxg5 Nb4 27. Nxf7+ Kg8 28.
Nxd6 Bxb2 29. Rad1 Rxf1+ 30. Rxf1 Be5 31. Ne4 Nxd3 32.
Rd1 c4 33. Bf1 Rd8 34. Nc5 Bxg3 35. Nxd3 cxd3 36. Bxd3 Kg7 37. Kg2 Be5 38. Be2 Rxd1 39. Bxd1 b4 1/2-1/2

[Event "*** Titled Tuesday Blitz"]
[Site "Chess.com"]
[Date "2020.01.07"]
[Round "1"]
[White "Sashadav97"]
[Black "TwentyHourADay"]
[Result "1-0"]
[WhiteElo "2572"]
[BlackElo "2205"]
[TimeControl "180+2"]
[EndTime "13:08:02 PST"]
[Termination "Sashadav97 won by checkmate"]

1. d4 Nf6 2. c4 g6 3. Nc3 Bg7 4. e4 d6 5. Be2 O-O 6. Be3 Nbd7 7. g4 e5 8. d5 Nc5 9. f3 a5 10. h4 h5 11. g5 Nfd7 12. Nh3 Qe7 13. Qd2 c6 14. O-O-O cxd5 15. exd5 b6 16. Nf2 Ba6 17. Kb1 Rfc8 18. Rc1 Rab8 19. Nfe4 Nb7 20. Nb5 Bxb5 21. cxb5 Nbc5 22. Bxc5 Nxc5 23. Nxc5 bxc5 24. Qxa5 e4 25. f4 e3 26. Qa4 Ra8 27. Qc4 Bd4 28. Bd3 Ra5 29. a4 Rca8 30. b3 Re8 31.
Rce1 Qd7 32. f5 gxf5 33. Rhf1 Re5 34. Qc2 c4 35. Qxc4 Bc5 36. Qf4 Ra8 37. Bxf5 Qc7 38. g6 fxg6 39. Bxg6 Qg7 40. Rg1 Kh8 41. Bc2 Qe7 42.
Qh6+ Qh7 43. Qxh7# 1-0

[Event "*** Titled Tuesday Blitz"]
[Site "Chess.com"]
[Date "2020.01.07"]
[Round "1"]
[White "JakubPulpan"]
[Black "PawnEatingZombie"]
[Result "1-0"]
[WhiteElo "2634"]
[BlackElo "2299"]
[TimeControl "180+2"]
[EndTime "13:08:08 PST"]
[Termination "JakubPulpan won by resignation"]

1. c4 e6 2. Nc3 d5 3. d4 Bb4 4. Bf4 dxc4 5. e3 b5 6. Be2 Bb7 7. Bf3 c6 8. Ne2 a6 9. O-O Nf6 10. a4 Nd5 11. axb5 axb5 12. Rxa8 Bxa8 13. Nxd5 cxd5 14. Nc3 Bc6 15. e4 Bxc3 16. exd5 Bxd5 17. Bxd5 Qxd5 18. bxc3 Nc6 19. Qg4 O-O 20. Bh6 g6 21. Bxf8 Kxf8 22. Qf4 Kg7 23. Qd2 b4 24. cxb4 Nxd4 25.
Rd1 e5 26. Kh1 Qe4 27. Qe3 Qxe3 28. fxe3 Nc2 29. Rc1 Nxb4 30. Rxc4 Nd3 31. Kg1 f5 32. Rc7+ Kh6 33. Kf1 e4 34. Ke2 Ne5 35. h3 g5 36.
Rc5 Ng6 37. Rxf5 Nh4 38. Re5 Nxg2 39. Rxe4 Kg6 40. Ra4 h5 41. Kf3 Nh4+ 42. Ke4 g4 43. hxg4 hxg4 44. Kf4 Ng2+ 45. Ke4 Kg5 46. Ra2 Ne1 47. Ra8 Kh4 48. Kf5 Nf3 49. e4 Kg3 50.
e5 Nxe5 51. Kxe5 Kf2 52. Kf4 g3 53. Ra2+ 1-0

[Event "*** Titled Tuesday Blitz"]
[Site "Chess.com"]
[Date "2020.01.07"]
[Round "1"]
[White "josiwales"]
[Black "ketster"]
[Result "1-0"]
[WhiteElo "2644"]
[BlackElo "2311"]
[TimeControl "180+2"]
[EndTime "13:08:15 PST"]
[Termination "josiwales won by resignation"]

1. e4 e5 2. Nf3 Nc6 3. Bc4 Nf6 4. d3 Be7 5. O-O O-O 6. Re1 d6 7. a4 Be6 8. Nbd2 Nd7 9. a5 a6 10. c3 Bxc4 11. Nxc4 f5 12. exf5 Rxf5 13. d4 Kh8 14. dxe5 Ndxe5 15. Ncxe5 Nxe5 16. Nd4 Rf7 17. Qb3 Qd7 18.
Rxe5 dxe5 19. Qxf7 exd4 20. Bg5 dxc3 21. bxc3 Re8 22. Re1 h6 23. Bxe7 b6 24. axb6 cxb6 25. h3 a5 26. Re3 a4 27. c4 a3 28. Rxa3 Rxe7 29. Ra8+ Kh7 30. Qg8+ Kg6 31. Qb8 Qe6 32. Ra6 Qxc4 33. Qxb6+ Kf7 34. Qg6+ 1-0

[Event "*** Titled Tuesday Blitz"]
[Site "Chess.com"]
[Date "2020.01.07"]
[Round "1"]
[White "FrenchMonster2002"]
[Black "Keranke"]
[Result "0-1"]
[WhiteElo "2376"]
[BlackElo "2737"]
[TimeControl "180+2"]
[EndTime "13:08:20 PST"]
[Termination "Keranke won by resignation"]

1. d4 Nf6 2. Bf4 g6 3. Nc3 Bg7 4. e4 d6 5. Qd2 O-O 6. O-O-O Nc6 7. Bh6 e5 8. Bxg7 Kxg7 9. d5 Nd4 10. Nge2 Nxe2+ 11. Bxe2 Bd7 12. h4 h5 13. f3 Rb8 14. g4 b5 15. g5 Ng8 16. Rdf1 b4 17. Nd1 c6 18. Ne3 Ne7 19. f4 exf4 20. Rxf4 Qa5 21. Kb1 cxd5 22. Qd4+ Kg8 23. exd5 Qb6 24. Qd2 Rfe8 25. Rhf1 Nf5 26. Nxf5 Bxf5 27. Bxh5 b3 28. axb3 Qxb3 29. Qc1 Qxd5 30. Bf3 Qa5 31. h5 Be6 32. c4 Bf5+ 33. Be4 Bxe4+ 34. Rxe4 Rxe4 35. hxg6 fxg6 36. Qc2 Rbe8 37.
Qd3 Re1+ 38. Rxe1 Rxe1+ 39. Kc2 Qf5 40. Qxf5 gxf5 0-1

[Event "*** Titled Tuesday Blitz"]
[Site "Chess.com"]
[Date "2020.01.07"]
[Round "1"]
[White "quesfr"]
[Black "ExploringChess"]
[Result "0-1"]
[WhiteElo "2187"]
[BlackElo "2567"]
[TimeControl "180+2"]
[EndTime "13:08:21 PST"]
[Termination "ExploringChess won by resignation"]

1. e4 e6 2. d4 d5 3. exd5 exd5 4. Nf3 Nc6 5. Bb5 Bd6 6. c4 dxc4 7. d5 a6 8. Ba4 b5 9. dxc6 bxa4 10. O-O Ne7 11. Nbd2 c3 12. Nc4 O-O 13. Qxa4 Be6 14.
bxc3 Bd5 15. Nd4 Nc8 16. Nxd6 Nxd6 17. Bf4 Qf6 18. Bxd6 Qxd6 19. Rad1 Qc5 20. Nf5 Be6 21.
Nd4 Rfe8 22. Qb4 Qxb4 23. cxb4 Bxa2 24. h3 Bc4 25. Rfe1 Rxe1+ 26. Rxe1 Rd8 27. Nf5 Kf8 28.
Ne3 Bb5 29. Rc1 Rd6 30. Nf5 Rxc6 31. Rxc6 Bxc6 32. Kf1 g6 33. Nd4 Bb5+ 34. Ke1 Ke7 35. Kd2 Kd6 36. Nc2 c5 37. Kc3 cxb4+ 38. Kxb4 Ke5 39. Ne3 f5 40. Kc3 f4 41. Nc2 Bf1 42.
Ne1 Ke4 43. h4 h6 44. g3 fxg3 45. fxg3 Ke3 46. g4 Kf4 47. g5 h5 48. Nc2 Kg3 49.
Ne3 Bb5 50. Nd5 Kxh4 51. Nf4 Kxg5 0-1

[Event "*** Titled Tuesday Blitz"]
[Site "Chess.com"]
[Date "2020.01.07"]
[Round "1"]
[White "boasovietica"]
[Black "GMBenjaminBok"]
[Result "1/2-1/2"]
[WhiteElo "2468"]
[BlackElo "2860"]
[TimeControl "180+2"]
[EndTime "13:08:22 PST"]
[Termination "Game drawn by repetition"]

1. Nf3 d5 2. e3 Nf6 3. c4 e6 4. Nc3 c6 5. b3 Bd6 6. Bb2 O-O 7.
Qc2 e5 8. cxd5 cxd5 9. Nb5 Nc6 10. Nxd6 Qxd6 11. a3 Bg4 12. Be2 Rac8 13. Qd1 d4 14. Nxd4 Nxd4 15. exd4 Bxe2 16. Qxe2 exd4 17. O-O Rc2 18. Rab1 d3 19. Qf3 Rxd2 20. Bc3 Rc2 21. Bb4 Qd5 22. Bxf8 Qxf3 23. gxf3 Kxf8 24. Rfd1 Rc3 25.
Rdc1 Nd5 26. Kf1 d2 27. Rd1 Rc2 28. Ke2 Ra2 29. Kd3 Nf4+ 30. Ke4 g5 31. Ke3 Ng2+ 32. Kd4 Nh4 33. Ke3 Ng2+ 34. Ke2 Nf4+ 35. Ke3 Ng2+ 1/2-1/2

[Event "*** Titled Tuesday Blitz"]
[Site "Chess.com"]
[Date "2020.01.07"]
[Round "1"]
[White "Sergey85Rodchenkov"]
[Black "rasmussvane"]
[Result "1-0"]
[WhiteElo "2473"]
[BlackElo "2855"]
[TimeControl "180+2"]
[EndTime "13:08:22 PST"]
[Termination "Sergey85Rodchenkov won by resignation"]

1. e4 c6 2. d4 d5 3. exd5 cxd5 4. Bd3 Nc6 5. c3 Nf6 6. h3 Qc7 7. Nf3 g6 8. Qc2 Nh5 9. Qb3 e6 10. O-O Nf4 11. Bb5 Bd6 12. Re1 O-O 13. Bf1 Bd7 14. Qd1 Rae8 15. Nbd2 f6 16. c4 Nh5 17. a3 Ne7 18. Qb3 Kh8 19. cxd5 exd5 20. Nb1 Nf5 21. Rxe8 Rxe8 22. Nc3 Nxd4 23. Nxd4 Bh2+ 24. Kh1 Re1 25. Bf4 Rxf1+ 26. Rxf1 Bxf4 27. Nxd5 Qd6 28. Nxf4 Nxf4 29. Qe3 g5 30. Re1 Ng6 31. Qe4 Qb6 32.
Qd5 Ba4 33. Re6 Qc7 34. Rxf6 Nf4 35. Qd6 Qxd6 36. Rxd6 Kg7 37. Kh2 h5 38. g3 Nd3 39.
Nf5+ Kf7 40. Rxd3 1-0

[Event "*** Titled Tuesday Blitz"]
[Site "Chess.com"]
[Date "2020.01.07"]
[Round "1"]
[White "LawrenceTrent"]
[Black "Torrentec"]
[Result "1-0"]
[WhiteElo "2640"]
[BlackElo "2302"]
[TimeControl "180+2"]
[EndTime "13:08:31 PST"]
[Termination "LawrenceTrent won by resignation"]

1. d4 d5 2. Nc3 Nf6 3. Bf4 a6 4.
e3 Bf5 5. f3 e6 6. g4 Bg6 7. h4 h6 8. h5 Bh7 9. Bd3 Bxd3 10.
cxd3 Bd6 11. Nge2 Qe7 12. Kf2 e5 13. dxe5 Bxe5 14. d4 Bxf4 15. Nxf4 c6 16. Nce2 Nbd7 17. Ng3 O-O 18. a3 Rfe8 19. Nf5 Qd8 20. Rg1 Nh7 21. Qd2 Ndf8 22. Nh3 Ne6 23. Rae1 Kh8 24. f4 c5 25.
g5 hxg5 26. Qc3 cxd4 27. Nxd4 Nxd4 28. Qxd4 Qf6 29. Nxg5 Nxg5 30. Rxg5 Qxd4 31. exd4 Rxe1 32. Kxe1 Re8+ 33. Kd2 Re4 34. Rxd5 Rxf4 35. Rd7 b5 36. d5 Kh7 37. Ke3 Rf1 38. d6 Rd1 39. Ke4 Kh6 40.
Ke5 Re1+ 41. Kd5 f5 42. Re7 Rd1+ 43. Kc6 f4 44. d7 Kxh5 45. Re5+ g5 46. Rd5 Rxd5 47.
Kxd5 f3 48. d8=Q g4 49. Qf6 a5 50. Ke4 b4 51. Kf4 1-0

[Event "*** Titled Tuesday Blitz"]
[Site "Chess.com"]
[Date "2020.01.07"]
[Round "1"]
[White "stoleriu"]
[Black "secretsuperstar7"]
[Result "1-0"]
[WhiteElo "2576"]
[BlackElo "2218"]
[TimeControl "180+2"]
[EndTime "13:08:31 PST"]
[Termination "stoleriu won on time"]

1. e4 c5 2. Nc3 Nc6 3. Bb5 Nd4 4. Bc4 d6 5. Nge2 Nf6 6. d3 e6 7. Nxd4 cxd4 8. Ne2 Qb6 9. O-O Be7 10. a4 a5 11.
Ra3 O-O 12. Rb3 Qc5 13. Rb5 Qa7 14. Bd2 b6 15. Nxd4 Bd7 16. Rg5 Bxa4 17. Rg3 Bd7 18. Nb5 Qb7 19. Bh6 Ne8 20. Qg4 e5 21. Qe2 Kh8 22. Be3 Nc7 23. Nxc7 Qxc7 24. Qh5 g6 25. Qh6 Bf6 26. f4 Bg7 27. Qh4 exf4 28. Bxf4 b5 29.
Bd5 Rae8 30. Bh6 Kg8 31. Bxg7 Kxg7 32. Qf6+ Kg8 33. Bxf7+ Rxf7 34. Qxf7+ Kh8 35. Qf6+ Kg8 36. Rxg6+ hxg6 37. Qxg6+ Kh8 38. Rf7 Qc5+ 39. Kh1 1-0

[Event "*** Titled Tuesday Blitz"]
[Site "Chess.com"]
[Date "2020.01.07"]
[Round "1"]
[White "Colombiano07"]
[Black "RitvarsReimanis"]
[Result "0-1"]
[WhiteElo "2163"]
[BlackElo "2563"]
[TimeControl "180+2"]
[EndTime "13:08:33 PST"]
[Termination "RitvarsReimanis won by resignation"]

1. Nf3 Nf6 2. b3 d6 3. d4 g6 4.
Bb2 Bg7 5. g3 O-O 6. Bg2 c6 7. O-O Nbd7 8. c4 Qc7 9. Nc3 e5 10.
dxe5 dxe5 11. Qc2 Rd8 12. Rfd1 Re8 13. e3 Nc5 14. b4 Bf5 15. Qe2 Nd3 16. Rxd3 Bxd3 17.
Qxd3 e4 18. Nxe4 Nxe4 19. Bxg7 Kxg7 20. Qd4+ Nf6 21. c5 Rad8 22. Qc3 Qe7 23. h3 Kg8 24. Nd4 Nd5 25. Bxd5 Rxd5 26. a3 Qd7 27. Kg2 Rh5 28. g4 Rd5 29. Ra2 h5 30. f3 Rde5 31. e4 Qc7 32.
Ne2 hxg4 33. hxg4 R5e7 34. Rd2 Rd8 35. Rd3 Red7 36. Rxd7 Qxd7 37. Kf2 Qc7 38. Kg2 Re8 39. Qf6 Qe5 40. Qxe5 Rxe5 41. Kg3 Re8 42. Kf4 f6 43. Ke3 Kf7 44. Nc1 Rh8 45. Nb3 Ke6 46. Na5 Rh7 47. f4 Rd7 48. Nc4 Rh7 49. Na5 f5 50.
exf5+ gxf5 51. g5 Kd5 52. Kf3 b6 53. cxb6 axb6 54. g6 Ra7 55. Nb3 Rxa3 56. g7 Ra8 0-1

[Event "*** Titled Tuesday Blitz"]
[Site "Chess.com"]
[Date "2020.01.07"]
[Round "1"]
[White "Gareth-Bale11"]
[Black "Hadza_3"]
[Result "1-0"]
[WhiteElo "2732"]
[BlackElo "2373"]
[TimeControl "180+2"]
[EndTime "13:08:35 PST"]
[Termination "Gareth-Bale11 won by resignation"]

1. d4 Nf6 2. c4 g6 3. Nc3 Bg7 4. e4 d6 5. Be2 O-O 6. Be3 e5 7. d5 Nbd7 8. g4 Nc5 9. f3 Ne8 10.
h4 f5 11. gxf5 gxf5 12. Qd2 Bf6 13. O-O-O f4 14. Bf2 Kh8 15. Rh2 Rg8 16. b4 Nd7 17. Nh3 Nf8 18. Ng5 Qe7 19. Kb2 h6 20. c5 Rg7 21. Bc4 Kg8 22. Ne6 Nxe6 23. dxe6 Bxe6 24. Bxe6+ Qxe6 25. Qd5 Qxd5 26. Nxd5 Rd8 27. cxd6 Rxd6 28. Bxa7 Rg3 29. Bc5 Rc6 30. Rd3 b6 31. Bf2 Rg7 32. Be1 Kf7 33. b5 Rd6 34. Bb4 Rd7 35. Rc2 Ke6 36.
Rc6+ Nd6 37. Nxc7+ Rxc7 38. Rdxd6+ Kf7 39. Rxf6+ Kg8 40.
Rxc7 Rxc7 41. Rxb6 Rd7 42. Rb8+ Kh7 43. b6 Rd3 1-0

[Event "*** Titled Tuesday Blitz"]
[Site "Chess.com"]
[Date "2020.01.07"]
[Round "1"]
[White "Karacsonyi_Gellert"]
[Black "The_Chess_Coach"]
[Result "1-0"]
[WhiteElo "2569"]
[BlackElo "2187"]
[TimeControl "180+2"]
[EndTime "13:08:35 PST"]
[Termination "Karacsonyi_Gellert won by checkmate"]

1. e4 e5 2. Nf3 Nc6 3. Bb5 a6 4. Bxc6 Nf6 5. O-O dxc6 6. Nxe5 Be7 7. d3 O-O 8. Nf3 c5 9. Nc3 b6 10. h3 Bb7 11. Bf4 Qd7 12. Re1 Rad8 13. Qe2 Rfe8 14. Rad1 Bf8 15. Qf1 h6 16. Bh2 Qc6 17. e5 Nd5 18. Ne4 b5 19. a3 a5 20. c4 bxc4 21. dxc4 Nb6 22. Nc3 Ba6 23. b3 a4 24. bxa4 Bxc4 25.
Ne2 Qxa4 26. Rxd8 Rxd8 27. e6 fxe6 28. Bxc7 Rc8 29. Bxb6 Qa6 30. Rb1 Bxe2 31. Qe1 Qd3 32. Ne5 Qe4 33. Rb2 Qxe5 34. Rxe2 Qd5 35. Rxe6 c4 36. Re5 Qd6 37. Ba5 Qxa3 38. Bc3 Bd6 39. Re3 Qc5 40. Rf3 Qd5 41. Re3 Rb8 42. g3 Bc5 43.
Re5 Qd3 44. Kg2 Rb1 45. Re8+ Kh7 46. Qe5 Bxf2 47. Qxg7# 1-0

[Event "*** Titled Tuesday Blitz"]
[Site "Chess.com"]
[Date "2020.01.07"]
[Round "1"]
[White "Zavgorodniy_Serg"]
[Black "tteshan"]
[Result "1-0"]
[WhiteElo "2612"]
[BlackElo "2275"]
[TimeControl "180+2"]
[EndTime "13:08:36 PST"]
[Termination "Zavgorodniy_Serg won by resignation"]

1. e4 c5 2. Nf3 d6 3. c3 Nc6 4. d4 cxd4 5. cxd4 g6 6. d5 Ne5 7.
Nxe5 dxe5 8. Nc3 Nf6 9. Bg5 Bg7 10. Bb5+ Bd7 11. Bxf6 Bxf6 12. Qa4 a6 13. Bxd7+ Qxd7 14. Qxd7+ Kxd7 15. Na4 Rad8 16. Rc1 Bg5 17. Rc2 Kd6 18. Nb6 f6 19. h4 Bh6 20. Rh3 e6 21. Rd3 exd5 22.
Rxd5+ Ke6 23. Rc7 f5 24. Rxd8 Rxd8 25. Rxh7 Bd2+ 26. Ke2 fxe4 27. Rxb7 Ba5 28. Nc4 Rd5 29. Ra7 Bd8 30. Rxa6+ Kf7 31. Rd6 Rc5 32. Rxd8 Rxc4 33. Rd2 Ke6 34. b3 Rb4 35. Rb2 Kd5 36. a3 Rb8 37.
Ke3 Rb7 38. b4 Ra7 39. b5 Rxa3+ 40. Ke2 Ra7 41. b6 Rb7 42. Ke3 Rb8 43. b7 Kd6 44. Kxe4 Ke6 45. Rb6+ Kf7 46. g4 Kg7 47. Kxe5 Kf7 48.
Kd6 1-0

[Event "*** Titled Tuesday Blitz"]
[Site "Chess.com"]
[Date "2020.01.07"]
[Round "1"]
[White "Supernotar"]
[Black "CzechmVIII"]
[Result "1-0"]
[WhiteElo "2556"]
[BlackElo "2144"]
[TimeControl "180+2"]
[EndTime "13:08:40 PST"]
[Termination "Supernotar won by resignation"]

1. d4 Nf6 2. c4 c5 3. Nf3 cxd4 4.
Nxd4 e5 5. Nb5 d5 6. cxd5 Bc5 7. N5c3 O-O 8. g3 Qb6 9. e3 Bg4 10. Be2 Bxe2 11. Qxe2 Nbd7 12. e4 Bd4 13. O-O Nc5 14. Nd2 Rac8 15. Kg2 Rfe8 16. f3 a6 17. Rd1 Qc7 18. Nf1 Bxc3 19. bxc3 Na4 20. Bd2 Nxc3 21. Bxc3 Qxc3 22. Rab1 b5 23. Rd3 Qc2 24. Rb2 Qxe2+ 25.
Rxe2 Rc4 26. Ra3 Ra4 27. Rxa4 bxa4 28. Rb2 Rc8 29. Rb4 a3 30. Rb3 Rc2+ 31. Kg1 Nd7 32.
Rxa3 Nc5 33. Ne3 Re2 34. Nc4 h5 35. Nxe5 h4 36. gxh4 f6 37. Ra5 fxe5 38. Rxc5 Rxa2 39. Rc6 Kf7 40. Re6 a5 41. Rxe5 a4 42. d6 Rd2 43.
Ra5 Rxd6 44. Rxa4 Rd2 45. Ra5 Kg6 46. Rg5+ Kf6 47. Rg2 Rd3 48. Kf2 Ra3 49. Kg3 Ke5 50. Rd2 g6 51. Rd5+ Kf6 52. Kf4 Ra2 53. Rd6+ Kg7 54. h3 Rg2 55. e5 Re2 56. Rd7+ Kh6 57.
h5 gxh5 58. Kf5 Rh2 59. e6 Rxh3 60. f4 Re3 61. e7 h4 62. Rd6+ Kg7 63. Re6 Rxe6 64.
Kxe6 h3 65. e8=Q h2 66. Qh5 1-0

[Event "*** Titled Tuesday Blitz"]
[Site "Chess.com"]
[Date "2020.01.07"]
[Round "1"]
[White "jncool68"]
[Black "VeraNebolsina"]
[Result "1-0"]
[WhiteElo "2706"]
[BlackElo "2352"]
[TimeControl "180+2"]
[EndTime "13:08:41 PST"]
[Termination "jncool68 won by resignation"]

1. e4 g6 2. d4 Bg7 3. Nc3 d6 4. Be3 a6 5. Nf3 b5 6. Bd3 Nd7 7. e5 Bb7 8. e6 fxe6 9. Ng5 Nf8 10.
O-O Nf6 11. Re1 Qd7 12. a4 b4 13. Na2 a5 14. c3 h6 15. Nf3 Nd5 16. cxb4 axb4 17. b3 Ba6 18. Be4 Rb8 19. Qc2 g5 20. Rac1 Kd8 21. Nd2 Nf6 22. Bd3 Bxd3 23. Qxd3 Nd5 24.
Nc4 Nh7 25. Na5 Rb6 26. Rc2 Nhf6 27. Rec1 Ng4 28. Nc6+ Ke8 29. Qg6+ Kf8 30. Ncxb4 Qe8 31.
Qxe8+ Kxe8 32. Nxd5 exd5 33. b4 Nxe3 34. fxe3 Kf7 35.
Rxc7 Ra8 36. a5 Rb5 37. Kf2 Bf6 38. Ke2 Ke6 39. Kd3 h5 40. Kc3 g4 41. Kb3 Raxa5 42.
Nc3 Rb8 43. Ne2 Ra6 44. Nf4+ Kf5 45. Nxd5 e6 46. Rf1+ Ke4 47. Nxf6+ Kd3 48. Rc3+ Kd2 49. Ne4+ Ke2 50. Rf2+ Kd1 51. Rd2+ 1-0

[Event "*** Titled Tuesday Blitz"]
[Site "Chess.com"]
[Date "2020.01.07"]
[Round "1"]
[White "yy2324"]
[Black "Yaacovn"]
[Result "0-1"]
[WhiteElo "2407"]
[BlackElo "2800"]
[TimeControl "180+2"]
[EndTime "13:08:42 PST"]
[Termination "Yaacovn won by resignation"]

1. e4 c6 2. c4 d5 3. exd5 Nf6 4. dxc6 Nxc6 5. Nc3 e5 6. d3 Bc5 7. h3 O-O 8. Nf3 Qb6 9. Na4 Bb4+ 10. Bd2 Qa5 11. Be2 e4 12. dxe4 Nxe4 13. Bxb4 Qxb4+ 14. Kf1 Rd8 15. Qc2 Bf5 16. Qb3 Qe7 17. Kg1 Nd4 18. Nxd4 Rxd4 19. Qe3 Qf6 20. Bf3 Rad8 21. Kh2 g6 22. Rhd1 Rxd1 23. Rxd1 Rxd1 24. Bxd1 Qd6+ 25. f4 Qxd1 26.
Nc3 Qc2 27. Qd4 Qd2 28. Qxa7 Qxf4+ 29. Kg1 Nxc3 30. bxc3 Be4 31. Qd4 h5 32. Qd8+ Kh7 33. Qd4 Qf5 34. c5 Bc6 35. a4 Qd5 36. Qf2 Kg7 37.
a5 Qe5 38. Qd2 Qxc5+ 39. Kh2 Qe5+ 40. Kg1 h4 41. c4 Qc5+ 42. Kh2 Qxc4 43. Qb2+ f6 44.
Qd2 g5 45. Kh1 Qf1+ 46. Kh2 Qf4+ 47. Qxf4 gxf4 48. Kg1 Kg6 49. Kf2 Kf5 50. Ke2 Bxg2 51. Kf2 Bxh3 0-1

[Event "*** Titled Tuesday Blitz"]
[Site "Chess.com"]
[Date "2020.01.07"]
[Round "1"]
[White "Valk4"]
[Black "xamax2000"]
[Result "0-1"]
[WhiteElo "2273"]
[BlackElo "2611"]
[TimeControl "180+2"]
[EndTime "13:08:42 PST"]
[Termination "xamax2000 won by resignation"]

1. e4 c5 2. Nf3 d6 3. Bb5+ Bd7 4.
Bxd7+ Qxd7 5. O-O Nf6 6. Qe2 Nc6 7. Rd1 Rc8 8. c4 g6 9. d4 cxd4 10. Nxd4 Bg7 11. f3 O-O 12. Be3 a6 13. Nc3 Nxd4 14.
Bxd4 Qc6 15. b3 e6 16. Rac1 Rfe8 17. Qd2 Red8 18. a4 Qc7 19. Qf2 Nd7 20. Bxg7 Kxg7 21. Qd4+ Nf6 22. Kh1 Qe7 23. a5 Rc5 24. b4 Rc7 25.
Na4 h5 26. Nb6 e5 27. Qd2 h4 28. Qf2 h3 29. g3 Rc6 30. Rc2 Nd7 31. Nd5 Qe6 32. b5 Rc5 33. f4 exf4 34. gxf4 Qxe4+ 35. Kg1 axb5 36. Re1 Qf5 37. Qd4+ Kh6 38. Re3 Rxd5 39. cxd5 Nf6 40. Rcc3 Nh5 41. Rc1 Qg4+ 42. Kf1 Qg2+ 43. Ke1 Qxh2 44. f5 Qg1+ 45. Kd2 Qf2+ 46. Kd1 h2 0-1

[Event "*** Titled Tuesday Blitz"]
[Site "Chess.com"]
[Date "2020.01.07"]
[Round "1"]
[White "IgorBjelobrk"]
[Black "kasparicy"]
[Result "1-0"]
[WhiteElo "2633"]
[BlackElo "2298"]
[TimeControl "180+2"]
[EndTime "13:08:50 PST"]
[Termination "IgorBjelobrk won by resignation"]

1. d4 Nf6 2. c4 g6 3. Nc3 d5 4. Nf3 Bg7 5. h4 Bg4 6. Ne5 Bf5 7. h5 O-O 8. hxg6 fxg6 9. cxd5 Nxd5 10. Qb3 e6 11. e4 Bxe5 12. dxe5 Nxc3 13. exf5 Nd5 14. f6 Nc6 15. Qh3 Qd7 16. f4 Ndb4 17. Kf2 Rf7 18.
Be3 Nd3+ 19. Bxd3 Qxd3 20. Rad1 Qf5 21. Qxf5 gxf5 22. g4 fxg4 23. Rdg1 Kh8 24. Rxg4 Nb4 25. a3 Nd5 26. Bd2 c5 27. Kf3 b6 28. Rgh4 Rg8 29.
Rg4 Rxg4 30. Kxg4 Rf8 31. Rh5 Rg8+ 32. Rg5 Rxg5+ 33. Kxg5 Kg8 34. f5 Kf7 35. fxe6+ Kxe6 36. Kh6 a5 37. a4 Kf7 38. Kxh7 Nc7 39. Kh6 Ne6 40.
Kh5 Nd4 41. Kg4 Ne6 42. Kf5 Nd4+ 43. Ke4 Ke6 44. Bc3 Nc6 45. Kd3 Na7 46. Kc4 Kf7 47. Kd5 b5 48. axb5 Nxb5 49. Kxc5 Nc7 50. Kb6 Nd5+ 1-0

[Event "*** Titled Tuesday Blitz"]
[Site "Chess.com"]
[Date "2020.01.07"]
[Round "1"]
[White "BIG_Pirate"]
[Black "Incognito_Knight"]
[Result "1-0"]
[WhiteElo "2411"]
[BlackElo "2743"]
[TimeControl "180+2"]
[EndTime "13:08:51 PST"]
[Termination "BIG_Pirate won by resignation"]

1. Nf3 d5 2. c4 e6 3. g3 Nf6 4. Bg2 dxc4 5. O-O Nbd7 6. Na3 Bxa3 7. bxa3 O-O 8. Qc2 a6 9. Qxc4 b5 10. Qc6 Rb8 11. Bb2 Bb7 12. Qc2 c5 13. d3 Qe7 14.
a4 b4 15. Rab1 a5 16. Rfc1 Rfc8 17. Nd2 Bxg2 18. Kxg2 Qd6 19. Nc4 Qa6 20. Kg1 h6 21. Rd1 Nd5 22. Rbc1 N5b6 23. Qb3 Qa8 24. Nd6 Rc6 25. Ne4 Rbc8 26. Rc2 Qb7 27. Nd2 R6c7 28. Nc4 Nxc4 29. Rxc4 Qd5 30. Rg4 g6 31. Rc1 Nb6 32.
h4 h5 33. Rg5 Qd7 34. Ba1 Nxa4 35. Qc4 Nb6 36. Qf4 Kh7 37. Qf6 Rg8 38. Qf3 f6 39.
Qxf6 Qf7 40. Rgxc5 Qxf6 41. Rxc7+ Qg7 42. Bxg7 Rxg7 43.
Rxg7+ Kxg7 44. Rc5 a4 45. Rb5 Nd5 46. e4 b3 47. axb3 Nc3 48. Rb7+ Kf6 49. bxa4 1-0